 Dungeon Crawl Stone Soup version 0.28.0-45-g0d030f2227 (webtiles) character file.

Game seed: 3244397239859634491

107 101zpm the Covered (level 4, -9/29 HPs)
             Began as a Gargoyle Fighter on Apr 4, 2022.
             Mangled by an ogre
             ... wielding a +0 giant club
              (23 damage)
             ... on level 4 of the Dungeon.
             The game lasted 00:04:00 (2879 turns).

101zpm the Covered (Gargoyle Fighter)               Turns: 2879, Time: 00:04:01

Health: -9/29      AC: 11    Str: 21    XL:     4   Next: 85%
Magic:  13/13      EV:  9    Int:  9    God:
Gold:   124        SH:  5    Dex: 12    Spells: 3/3 levels left

rFire   . . .      SeeInvis .   j - +6 whip "Jiasafud" {flame, rCorr MP+9 Dex+3}
rCold   . . .      Faith    .   c - +0 buckler
rNeg    + . .      Spirit   .   b - +0 scale mail
rPois   ∞          Reflect  .   (no helmet)
rElec   +          Harm     .   (no cloak)
rCorr   +          Rampage  .   h - +0 pair of gloves
Will    .....                   (no boots)
Stlth   ..........              (no amulet)
HPRegen 0.09/turn               (no ring)
MPRegen 0.13/turn               (no ring)

@: no status effects
A: sickness immunity, AC +3, negative energy resistance 1, electricity
resistance, torment resistance 1, petrification resistance
a: no special abilities


You were on level 4 of the Dungeon.
You visited 1 branch of the dungeon, and saw 4 of its levels.

You collected 124 gold pieces.

Inventory:

Hand Weapons
 a - a +0 flail
 j - the +6 whip "Jiasafud" (weapon) {flame, rCorr MP+9 Dex+3}
   (You found it on level 2 of the Dungeon)

   It burns those it strikes, dealing additional fire damage.
   Dex:       It affects your dexterity (+3).
   MP:        It affects your magic capacity (+9).
   rCorr:     It protects you from acid and corrosion.
 n - a +2 mace of holy wrath
Missiles
 i - 121 stones (quivered)
 r - 6 boomerangs
Armour
 b - a +0 scale mail (worn)
 c - a +0 buckler (worn)
 h - a +0 pair of gloves (worn)
Scrolls
 f - 5 scrolls of identify {unknown}
 g - a scroll of enchant weapon {unknown}
 l - a scroll of silence {unknown}
 s - a scroll of teleportation {unknown}
Potions
 d - a potion of might
 e - 5 potions of curing {unknown}
 k - 2 potions of degeneration {unknown}
 m - 2 potions of brilliance {unknown}
 o - 2 potions of attraction {unknown}
 p - a potion of haste {unknown}
 q - a potion of mutation {unknown}


   Skills:
 + Level 3.7 Fighting
 + Level 3.3 Maces & Flails
 + Level 4.0 Armour
 + Level 0.4 Dodging
 + Level 0.7 Stealth
 + Level 3.8 Shields


You had 3 spell levels left.
You didn't know any spells.
Your spell library was empty.

Dungeon Overview and Level Annotations

Branches:
Dungeon (4/15)
 Temple: D:4-7

Altars:
Hepliaklqana
Uskayaw


Innate Abilities, Weirdness & Mutations

You are immune to sickness and miasma.
Your stone body is resilient. (AC +3)
You are immune to poison.
You resist negative energy. (rN+)
You are resistant to electric shocks. (rElec)
You are resistant to unholy torment.
You are immune to petrification.


Message History

The orc is moderately wounded.
The orc barely misses you.
The orc hits you with a +1 mace of protection!
You completely miss the orc.
The orc is moderately wounded.
You block the orc's attack. x2
You hit the orc. You burn the orc.
You kill the orc!
The orc closely misses you.
You hit the ogre. You burn the ogre.
The ogre is moderately wounded.
The ogre hits you with a +0 giant club.
You hit the ogre but do no damage.
The ogre is moderately wounded.
The ogre barely misses you. The orc completely misses you.
You closely miss the ogre.
The ogre is moderately wounded.
The orc hits you but does no damage. You block the orc's attack.
You barely miss the ogre.
The ogre is moderately wounded.
You block the ogre's attack. The orc hits you with a +0 falchion.
The orc hits you but does no damage.
You are too injured to fight recklessly!
You are too injured to fight recklessly!
You are too injured to fight recklessly!
You are too injured to fight recklessly!
You are too injured to fight recklessly!
You are too injured to fight recklessly!
You are too injured to fight recklessly!
You are too injured to fight recklessly!
You are too injured to fight recklessly!
You are too injured to fight recklessly!
You are too injured to fight recklessly!
You are too injured to fight recklessly!
You are too injured to fight recklessly!
You are too injured to fight recklessly!
Why would you want to do that?
The ogre hits you with a +0 giant club!!
Ouch! That really hurt!
You die...

#.............#.#
#.............#.#
#....≈≈≈≈≈....#.#
#..?..!≈).....#.#
#......≈......#.#
#.)≈≈≈≈♣≈≈≈≈..'.#
#..o..(≈(.....###
#.oo...≈......#
#..O@≈≈≈≈≈....#
#...).........#
#.............#
#.............#
###############


You could see an ogre and 3 orcs.

Vanquished Creatures
  A howler monkey skeleton (D:4)
  2 adders (D:3)
  An adder skeleton (D:4)
  A worm (D:3)
  2 orcs
  4 bats
  5 endoplasms
  6 giant cockroaches
  10 hobgoblins
  2 jackals (D:1)
  3 quokkas
  6 ball pythons
  7 frilled lizards
  6 goblins
  6 kobolds
  3 rats
65 creatures vanquished.

Notes
Turn   | Place    | Note
-------+----------+-------------------------------------------
     0 | D:1      | 101zpm the Gargoyle Fighter began the quest for the Orb.
     0 | D:1      | Reached XP level 1. HP: 14/14 MP: 1/1
    55 | D:1      | Reached XP level 2. HP: 14/19 MP: 2/2
   566 | D:1      | Reached XP level 3. HP: 20/23 MP: 3/3
  1066 | D:2      | Identified the +6 whip "Jiasafud" {flame, rCorr MP+9 Dex+3}
  1473 | D:2      | Found a faded altar of an unknown god.
  1965 | D:3      | Reached XP level 4. HP: 22/29 MP: 4/4
  2387 | D:3      | Found a hazy altar of Hepliaklqana.
  2427 | D:3      | Found a hide-covered altar of Uskayaw.
  2538 | D:3      | Reached skill level 4 in Armour
  2867 | D:4      | Noticed an ogre
  2879 | D:4      | Mangled by an ogre

Illustrated notes

Levels and vault maps discovered:
D:1:      dpeg_arrival_fog, layout_rooms, minmay_misc_feat_four_crosses
D:2:      layout_loops_ring, hellmonk_ecumenical_altar_heavens_door,
          minmay_fractal_squares_5
D:3:      layout_loops_ring, old_standard_altar, old_standard_altar,
          serial_aquarium, aquarium_bridge_square [aquarium_subvault_bridge,
          aquarium_subvault_bridge, aquarium_subvault_wall,
          aquarium_subvault_bridge], aquarium_window_fake, aquarium_window_1,
          aquarium_window_2, aquarium_window_3, aquarium_view_2a,
          kennysheep_generic_room_15
D:4:      layout_basic, mainiacjoe_overflow_24_doors,
          minmay_temple_entry_statues_fountains, serial_shops, shop,
          nicolae_shop_advertising_works [nicolae_subvault_shop_adworks],
          shop_fountains, nicolae_stop_n_shop_1, shop,
          kennysheep_generic_room_16

Skill      XL: |  1  2  3  4 |
---------------+-------------+-----
Maces & Flails | 3 |  3.3
Armour         | 4 |  4.0
Fighting       | |  3.7
Dodging        | |  0.4
Stealth        | |  0.7
Shields        | |  3.8

Action                   |  1- 3 |  4- 6 || total
-------------------------+-------+-------++-------
Melee: Flail             |   108 |       ||   108
       Whip              |    44 |    49 ||    93
Armor: Scale mail        |   103 |    12 ||   115
Dodge: Dodged            |    82 |    19 ||   101
Block: Buckler           |    46 |    11 ||    57
